 Dungeon Crawl Stone Soup version 0.27-a0-1322-gfdffb62a71 (webtiles) character file.

Game seed: 383407336086339119

172 lunkers the Skirmisher (level 5, 0/85 HPs)
             Began as an Ogre Berserker on June 22, 2021.
             Was a Believer of Trog.
             Frozen to death by an endoplasm (1 damage)
             ... on level 3 of the Dungeon.
             The game lasted 00:03:47 (2870 turns).

lunkers the Skirmisher (Ogre Berserker)             Turns: 2870, Time: 00:03:47

Health: 0/85       AC:  3    Str: 22    XL:     5   Next: 53%
Magic:  5/5        EV: 10    Int:  8    God:    Trog [**....]
Gold:   38         SH:  0    Dex:  8    Spells: 4/4 levels left

rFire    . . .     SeeInvis .   a - +0 mace
rCold    . . .     Faith    .   (no shield)
rNeg     . . .     Spirit   .   b - +0 animal skin
rPois    .         Reflect  .   (helmet restricted)
rElec    .         Harm     .   (no cloak)
rCorr    .         Rampage  .   (gloves unavailable)
Will     .....                  (boots unavailable)
Stlth    ..........             (no amulet)
HPRegen  0.24/turn              (no ring)
MPRegen  0.09/turn              (no ring)

@: berserking (expiring), lethally poisoned (0 -> -2), very quick
A: large, unfitting armour, tough skin 1
a: Renounce Religion, Berserk, Trog's Hand


You were on level 3 of the Dungeon.
You worshipped Trog.
Trog was pleased with you.
You visited 1 branch of the dungeon, and saw 3 of its levels.

You collected 38 gold pieces.

Inventory:

Hand Weapons
 a - a +0 mace (weapon)
Armour
 b - a +0 animal skin (worn)
Scrolls
 d - a scroll of brand weapon {unknown}
 e - a scroll of fear {unknown}
 f - 2 scrolls of vulnerability {unknown}
 g - 3 scrolls of silence {unknown}
 j - a scroll of blinking {unknown}
 k - a scroll of immolation {unknown}
 l - a scroll of identify {unknown}
 m - 2 scrolls of noise {unknown}
 n - 3 scrolls of magic mapping {unknown}
Potions
 c - 2 potions of curing {unknown}
 h - a potion of cancellation {unknown}
 i - a potion of brilliance {unknown}
 o - a potion of flight {unknown}
 p - a potion of attraction {unknown}


   Skills:
 + Level 5.5 Fighting
 * Level 4.7 Maces & Flails
 - Level 2.6 Dodging


You had 4 spell levels left.
You didn't know any spells.
Your spell library was empty.

Dungeon Overview and Level Annotations

Branches:
Dungeon (3/15)

Altars:
Gozag
Vehumet
Xom


Innate Abilities, Weirdness & Mutations

You are too large for most types of armour.
You have tough skin. (AC +1)


Message History

You closely miss the adder.
The adder is almost dead.
The adder barely misses you.
The endoplasm hits you but does no damage.
Unknown command.
You closely miss the adder.
The adder is almost dead.
The adder bites you.
* * * LOW HITPOINT WARNING * * *
You are poisoned.
The adder poisons you! The endoplasm closely misses you.
You barely miss the adder.
The adder is almost dead.
You feel sick. The adder bites you but does no damage.
Unknown command.
You closely miss the adder.
The adder is almost dead.
You feel sick. The adder bites you.
* * * LOW HITPOINT WARNING * * *
The endoplasm barely misses you. The endoplasm hits you.
* * * LOW HITPOINT WARNING * * *
Unknown command.
You hit the adder.
You kill the adder!
Trog accepts your kill.
You feel sick.
The endoplasm hits you but does no damage.
The endoplasm freezes you.
You are frozen.
* * * LOW HITPOINT WARNING * * *
Unknown command.
You completely miss the endoplasm.
Unknown command.
You hit the endoplasm.
The endoplasm is heavily wounded.
* * * LOW HITPOINT WARNING * * *
You feel sick. The endoplasm barely misses you. The endoplasm freezes you.
You are frozen.
You die...

### #... ... #..# #.#
###.. #..# #.. ....#...
.. ... #.# ##### .. .#
#.# #.# .> .. .#
#.#####.# ####.. .
.###J......# ...... #.
.#.J@.†###.#
...☼.○☼##.##.#.$...# #.#
...._°.............# #.#
..§:.°..#.#.##.....# #.#
##..○...#.#.##.....###.#
....##....#.#########..#
######..# #..<.....##†##
# ##..###..#####.##.# #
###........#####.##.#


You could see 2 endoplasms.

Vanquished Creatures
  Terence (D:2)
  Natasha (twice) (D:3)
  4 adders
  A worm (D:3)
  A dart slug (D:2)
  5 endoplasms
  A giant cockroach (D:2)
  6 goblins
  A hobgoblin (D:2)
  8 jackals
  3 quokkas
  6 ball pythons
  7 bats
  2 frilled lizards (D:1)
  2 kobolds (D:1)
  9 rats
59 creatures vanquished.

Vanquished Creatures (others)
  Natasha (D:3)
  11 plants (D:2)
12 creatures vanquished.

Grand Total: 71 creatures vanquished

Notes
Turn   | Place    | Note
-------+----------+-------------------------------------------
     0 | D:1      | lunkers the Ogre Berserker began the quest for the Orb.
     0 | D:1      | Reached XP level 1. HP: 24/24 MP: 1/1
   235 | D:1      | Reached XP level 2. HP: 30/32 MP: 2/2
   723 | D:1      | Reached XP level 3. HP: 35/40 MP: 3/3
  1283 | D:2      | Found a shimmering altar of Xom.
  1414 | D:2      | Noticed Terence
  1422 | D:2      | Killed Terence
  1423 | D:2      | Reached XP level 4. HP: 49/49 MP: 4/4
  1523 | D:2      | Found a faded altar of an unknown god.
  1795 | D:2      | Reached ** piety under Trog
  1986 | D:2      | Reached skill level 5 in Fighting
  2301 | D:3      | Killed Natasha
  2307 | D:3      | Found a radiant altar of Vehumet.
  2352 | D:3      | Noticed Natasha
  2357 | D:3      | Killed Natasha
  2552 | D:3      | Reached XP level 5. HP: 54/57 MP: 5/5
  2664 | D:3      | Noticed Natasha
  2671 | D:3      | Killed Natasha
  2703 | D:3      | Found an opulent altar of Gozag.
  2868 | D:3      | HP: 2/85 [frozen (4)]
  2870 | D:3      | Frozen to death by an endoplasm

Illustrated notes

Levels and vault maps discovered:
D:1:      minmay_arrival_widening_spiral_wide, layout_basic, minmay_tromino_mix6
D:2:      layout_basic, hellmonk_ecumenical_altar_prayer_group, basic_altar,
          serial_bayou_lagoon_a, guppyfry_early_lair_pool, uniq_terence
D:3:      layout_loops_cross, fiery_altar_vehumet, grunt_gozag_breadcrumbs,
          hangedman_abyss_or_decor_stabs, uniq_natasha

Skill      XL: |  1  2  3  4 |
---------------+-------------+-----
Maces & Flails | 3 4 |  4.7
Fighting       | 5 |  5.5
Dodging        | |  2.6

Action                   |  1- 3 |  4- 6 || total
-------------------------+-------+-------++-------
Melee: Mace              |    95 |   129 ||   224
Invok: Berserk           |     1 |     4 ||     5
 Stab: Sleeping          |     1 |       ||     1
Armor: Animal skin       |    35 |    63 ||    98
Dodge: Dodged            |    58 |    95 ||   153

Table legend: (Time is in decaauts)
 A = Elapsed time spent in this place.
 B = Non-inter-level travel time spent in this place.
 C = Inter-level travel time spent in this place.
 D = Time resting spent in this place.
 E = Time spent auto-exploring this place.
 F = Levels seen in this place.
 G = Mean time per level.
                   A        B        C        D        E       F      G
               +--------+--------+--------+--------+--------+-----+--------+
         Total |   2952 |   2767 |    185 |     88 |   2171 |   3 |  984.0 |
       Dungeon |   2952 |   2767 |    185 |     88 |   2171 |   3 |  984.0 |
               +--------+--------+--------+--------+--------+-----+--------+

Top non-repeatable levels by time:
     D:2: 1278 daAuts
     D:1: 1076 daAuts
     D:3: 597 daAuts
